 Dungeon Crawl Stone Soup version 0.28-a0-991-g956f0ee3d5 (webtiles) character file.

Game seed: 2027072694910255419

31 ragingrage the Sneak (level 3, -2/29 HPs)
             Began as a Merfolk Delver on Dec 4, 2021.
             Slain by a black bear (4 damage)
             ... on level 5 of the Dungeon.
             The game lasted 00:00:27 (270 turns).

ragingrage the Sneak (Merfolk Delver)                Turns: 270, Time: 00:00:27

Health: -2/29      AC:  3    Str: 14    XL:     3   Next: 22%
Magic:  3/3        EV: 12    Int:  9    God:
Gold:   13         SH:  0    Dex: 15    Spells: 2/2 levels left

rFire   . . .      SeeInvis .   h - +7 great mace of the Beast {vorpal, rC++ Will++ Stlth+}
rCold   + + .      Faith    .   (shield currently unavailable)
rNeg    . . .      Spirit   .   b - +0 leather armour
rPois   .          Reflect  .   (no helmet)
rElec   .          Harm     .   (no cloak)
rCorr   .          Rampage  .   (no gloves)
Will    ++...                   (no boots)
Stlth   ++++......              (no amulet)
HPRegen 0.09/turn               (no ring)
MPRegen 0.08/turn               (no ring)

@: no status effects
A: (nimble swimmer 2), mertail
a: no special abilities


You were on level 5 of the Dungeon.
You visited 1 branch of the dungeon, and saw 2 of its levels.

You collected 13 gold pieces.

Inventory:

Hand Weapons
 a - a +0 spear
 h - the +7 great mace of the Beast (weapon) {vorpal, rC++ Will++ Stlth+}
   (You found it on level 6 of the Dungeon)

   It inflicts extra damage upon your enemies.
   rC:        It greatly protects you from cold.
   Will:      It greatly increases your willpower.
   Stlth:     It makes you more stealthy.
Armour
 b - a +0 leather armour (worn)
Wands
 g - a wand of digging (3)
Scrolls
 c - a scroll of fog
 d - a scroll of magic mapping
 e - a scroll of fear
Potions
 f - a potion of haste
 i - a potion of brilliance {unknown}


   Skills:
 - Level 3.2 Fighting
 * Level 5.3 Polearms
 - Level 2.6 Dodging
 - Level 5.4 Stealth


You had 2 spell levels left.
You didn't know any spells.
Your spell library contained the following spells:

 Spells                   Type           Power      Damage    Failure   Level
 Scorch                   Fire           0%         2d5       61%         2
 Flame Wave               Conj/Fire      0%         2d4       99%         4
 Summon Cactus Giant      Summ           0%         N/A       100%        6


Dungeon Overview and Level Annotations

Branches:
Dungeon (6/15)
 Temple: D:4-7

Altars:

Shops:
D:5 ?


Innate Abilities, Weirdness & Mutations

((You are quick and stealthy near water. (Stealth+, EV+, Speed+++)))
Your lower body shifts to a powerful aquatic tail in water.


Message History

You have reached level 3!
Your experience leads to an increase in your attributes!
Increase (S)trength, (I)ntelligence, or (D)exterity?
You feel stronger. x2
Unknown command.
You pick up a book of Scorching and begin reading...
You add the spells Scorch, Flame Wave and Summon Cactus Giant to your library.
i - an amethyst potion
Okay, then.
You start resting.
HP restored.
There is a stone staircase leading up here.
You climb upwards.
There is a stone staircase leading down here.
Unknown command.
There is an open door here.
You sock the black bear!
The black bear is moderately wounded.
The black bear bites you.
The black bear claws you but does no damage.
The black bear misses you. The black bear barely misses you.
The black bear claws you. x2
You closely miss the black bear.
The black bear is moderately wounded.
The black bear bites you but does no damage.
The black bear claws you. x2
You thump the black bear!
The black bear is almost dead.
The black bear goes berserk!
The black bear barely misses you.
The black bear claws you but does no damage.
The black bear closely misses you.
You closely miss the black bear.
The black bear is almost dead.
The black bear bites you!
* * * LOW HITPOINT WARNING * * *
The black bear claws you.
* * * LOW HITPOINT WARNING * * *
The black bear completely misses you. The black bear closely misses you.
The black bear claws you.
You die...

####....#
#.8<∩.8.##
#....../.##
#...8.....#
+.........+
#..(......#
#.....h.#
#....@#
##...##
##'## #.#
#.# ##.##
##...##
#.....#
##...##


You could see a black bear (berserk).

Vanquished Creatures
  A bullfrog zombie (D:6)
1 creature vanquished.

Notes
Turn   | Place    | Note
-------+----------+-------------------------------------------
     0 | D:5      | ragingrage the Merfolk Delver began the quest for the Orb.
     0 | D:5      | Reached XP level 1. HP: 18/18 MP: 1/1
    13 | D:5      | Found Nucsepp's Magic Scroll Shop.
    14 | D:5      | Noticed a black bear
    33 | D:6      | Identified the +7 great mace of the Beast {vorpal, rC++
                  | Will++ Stlth+}
    38 | D:6      | Reached skill level 5 in Polearms
    38 | D:6      | Reached XP level 2. HP: 8/24 MP: 2/2
    38 | D:6      | Reached XP level 3. HP: 10/29 MP: 3/3
   270 | D:5      | Slain by a black bear

Illustrated notes

Levels and vault maps discovered:
D:5:      layout_loops_corners, minmay_temple_entry_butterflies, serial_shops,
          nicolae_shop_statue_plus, biasface_ghost_orc_armoury,
          mrwooster_statue_mirror, minivault_1, minmay_crystal_room,
          hangedman_glass_garden, uniq_prince_ribbit1
D:6:      layout_rooms, minmay_holes, uniq_maggie

Skill      XL: |  1 |
---------------+----+-----
Polearms       | 5 |  5.3
Fighting       | |  3.2
Dodging        | |  2.6
Stealth        | |  5.4

Action                   || total
-------------------------++-------
Melee: Great mace        ||     6
Armor: Leather armour    ||     3
Dodge: Dodged            ||     7

Table legend: (Time is in decaauts)
 A = Elapsed time spent in this place.
 B = Non-inter-level travel time spent in this place.
 C = Inter-level travel time spent in this place.
 D = Time resting spent in this place.
 E = Time spent auto-exploring this place.
 F = Levels seen in this place.
 G = Mean time per level.
                   A        B        C        D        E       F      G
               +--------+--------+--------+--------+--------+-----+--------+
         Total |    273 |    273 |      0 |    196 |     24 |   2 |  136.5 |
       Dungeon |    273 |    273 |      0 |    196 |     24 |   2 |  136.5 |
               +--------+--------+--------+--------+--------+-----+--------+

Top non-repeatable levels by time:
     D:6: 221 daAuts
     D:5: 51 daAuts
